 Dungeon Crawl Stone Soup version 0.28.0-53-g5a82cb258f (webtiles) character file.

Game seed: 5698093969802993399

21593 axeguard the Thaumaturge (level 13, -4/121 (148) HPs)
             Began as a Human Ice Elementalist on June 17, 2022.
             Was an Elder of Elyvilon.
             Slain by a spectral orc knight
             ... wielding a +2 great mace
             ... summoned by Nergalle
              (11 damage)
             ... on level 2 of the Lair of Beasts on June 19, 2022.
             The game lasted 03:45:04 (18228 turns).

axeguard the Thaumaturge (Human Ice Elementalist)  Turns: 18228, Time: 03:45:07

HP:   -4/121 (148)  AC: 10    Str: 17    XL:     13   Next: 21%
MP:   1/26          EV: 13    Int: 19    God:    Elyvilon [****..]
Gold: 605           SH:  3    Dex: 13    Spells: 4/31 levels left

rFire   + . .      SeeInvis .   a - +5 whip (venom)
rCold   . . .      Faith    .   s - +0 buckler {AC+3}
rNeg    . . .      Spirit   .   l - +0 troll leather armour
rPois   .          Reflect  .   (helmet restricted)
rElec   .          Harm     .   J - +0 cloak
rCorr   .          Rampage  .   (no gloves)
Will    .....                   k - +0 pair of boots
Stlth   ..........              C - amulet of the acrobat
HPRegen 1.10/turn               r - +6 ring of strength
MPRegen 0.20/turn               g - ring of wizardry

@: berserking, heavily drained, very quick
A: horns 1, fire resistance 1
a: Renounce Religion, Purification, Heal Other, Heal Self


You were on level 2 of the Lair of Beasts.
You worshipped Elyvilon.
Elyvilon was greatly pleased with you.
You visited 3 branches of the dungeon, and saw 14 of its levels.

You collected 949 gold pieces.
You spent 344 gold pieces at shops.

Inventory:

Hand Weapons
 a - a +5 whip of venom (weapon)
 b - a +4 glaive of venom
 c - a +0 whip of flaming
 d - a +2 battleaxe of freezing
 x - a +2 dagger of holy wrath
 D - a +2 halberd of flaming
 G - a +1 spear of venom
 M - a +2 war axe of distortion
 Y - a +1 dagger of electrocution
Missiles
 t - 14 boomerangs
 v - 14 poisoned darts
 y - 90 bolts
Armour
 k - a +0 pair of boots (worn)
 l - a +0 troll leather armour (worn)
 n - +0 acid dragon scales
 s - a +0 buckler of protection (worn)
 A - the +1 ring mail of Efoucku {+Blink rElec rN+ Dex+4}
   (You found it on level 4 of the Dungeon)

   Dex:       It affects your dexterity (+4).
   rElec:     It insulates you from electricity.
   rN:        It protects you from negative energy.
   +Blink:    It lets you blink.
 B - +0 steam dragon scales
 J - a +0 cloak (worn)
 P - the +0 ring mail of Ignis's Regard {Int+2 Slay+6}
   (You found it on level 6 of the Dungeon)

   Int:       It affects your intelligence (+2).
   Slay:      It affects your accuracy & damage with ranged weapons and melee
   (+6).
 U - a +0 robe of the Archmagi
 W - a +0 scale mail of willpower
 Z - a +3 scale mail
Magical Staves
 j - a staff of conjuration
 E - a staff of poison
 V - a staff of cold
Jewellery
 g - a ring of wizardry (right hand)
 r - a +6 ring of strength (left hand)
 w - a ring of flight
 C - an amulet of the acrobat (around neck)
Wands
 m - a wand of flame (4)
 z - a wand of iceblast (14)
 F - a wand of paralysis (5)
 K - a wand of polymorph (7)
Scrolls
 H - 3 scrolls of teleportation
 I - 2 scrolls of magic mapping {unknown}
 L - 2 scrolls of holy word {unknown}
 N - 2 scrolls of enchant weapon {unknown}
 O - 2 scrolls of silence {unknown}
Potions
 e - a potion of invisibility
 f - 2 potions of mutation
 h - a potion of attraction
 o - 4 potions of berserk rage
 p - 3 potions of lignification
 q - 11 potions of ambrosia
 u - 3 potions of brilliance
 Q - a potion of might
 R - a potion of haste
 S - 3 potions of curing
 T - 5 potions of flight
 X - 2 potions of cancellation
Miscellaneous
 i - a phantom mirror


   Skills:
 * Level 8.4 Fighting
 - Level 3.2 Short Blades
 + Level 0.1(1.9) Long Blades
 - Level 3.4(3.6) Maces & Flails
 - Level 4.1(4.2) Polearms
 + Level 1.0(3.6) Staves
 - Level 2.0 Throwing
 - Level 6.5 Armour
 - Level 6.0 Dodging
 - Level 5.2 Stealth
 * Level 0.2 Shields
 * Level 9.7 Spellcasting
 - Level 6.0 Conjurations
 - Level 5.4 Hexes
 - Level 3.0 Translocations
 + Level 2.1 Transmutations
 + Level 8.8 Ice Magic
 * Level 3.1 Earth Magic
 - Level 1.0 Invocations
 - Level 1.2 Evocations


You had 4 spell levels left.
You knew the following spells:

 Your Spells              Type           Power      Damage    Failure   Level
a - Freeze                Ice            100%       1d11      1%          1
b - Frozen Ramparts       Ice            84%        1d10      1%          3
c - Ozocubu's Armour      Ice            42%        N/A       1%          3
d - Hailstorm             Conj/Ice       37%        3d9       2%          4
e - Slow                  Hex            100%       N/A       1%          1
f - Confusing Touch       Hex            30%        N/A       1%          3
g - Iskenderun's Battles  Conj           32%        2d8       12%         5
h - Blink                 Tloc           40%        N/A       2%          2
i - Irradiate             Conj/Tmut      12%        3d17      26%         5

Your spell library contained the following spells:

 Spells                   Type           Power      Damage    Failure   Level
 Vampiric Draining        Necr           9%         2d6       16%         3
 Manifold Assault         Tloc           20%        N/A       36%         5
 Blade Hands              Tmut           8%         N/A       47%         5
 Iron Shot                Conj/Erth      13%        9d3       71%         6
 Dragon Form              Tmut           8%         N/A       100%        7
 Spellforged Servitor     Conj/Summ      10%        N/A       100%        7
 Storm Form               Tmut/Air       6%         N/A       100%        7


Dungeon Overview and Level Annotations

Branches:
Dungeon (11/15)            Temple (1/1) D:5            Lair (2/6) D:11
    Orc (0/2) D:9
  Swamp: Lair:2-4    Shoals: Lair:2-4     Snake: Lair:2-4    Spider: Lair:2-4

Altars:
Ashenzari
Cheibriados
Dithmenos
Elyvilon
Fedhas
Gozag
Hepliaklqana
Kikubaaqudgha
Makhleb
Nemelex Xobeh
Okawaru
Qazlal
Ru
Sif Muna
Trog
Uskayaw
Vehumet
Wu Jian
Xom
Yredelemnul
Zin
The Shining One

Shops:
D:1 !   D:3 (   D:9 [

Annotations:
Lair:2 Nergalle


Innate Abilities, Weirdness & Mutations

You have a pair of small horns on your head.
Your flesh is heat resistant. (rF+)


Message History

Unknown command.
Unknown command.
Aiming: Iceblast
Press: ? - help, Shift-Dir - straight line, f/p - Nergalle
Aim: Nergalle, wielding a +0 dagger and wearing a +2 robe of fire resistance (severely wounded)
The mass of ice explodes!
The iceblast engulfs Nergalle!
Nergalle is almost dead.
The iceblast engulfs the spectral orc knight.
The spectral orc knight partially resists.
The spectral orc knight is moderately damaged.
Nergalle casts a spell at the spectral orc knight.
The spectral orc knight seems to speed up.
Aiming: Iceblast
Press: ? - help, Shift-Dir - straight line, f/p - Nergalle
Aim: Nergalle, wielding a +0 dagger and wearing a +2 robe of fire resistance (almost dead)
The mass of ice explodes!
The iceblast engulfs Nergalle.
Nergalle is almost dead.
The spectral orc knight hits your battlesphere with a +0 great sword!
Your battlesphere is destroyed!
Okay, then.
Okay, then.
Unknown command.
A red film seems to cover your vision as you go berserk!
You feel yourself moving faster!
You feel mighty!
You feel stable enough to blink again.
The spectral orc knight hits you with a +2 great mace!
* * * LOW HITPOINT WARNING * * *
You feel drained.
* * * LOW HITPOINT WARNING * * *
Nergalle gestures at you while chanting.
The bolt of negative energy hits you!!
You feel drained.
* * * LOW HITPOINT WARNING * * *
The spectral orc knight barely misses you.
You closely miss Nergalle.
You headbutt Nergalle, but do no damage.
Nergalle is almost dead.
The spectral orc knight hits you with a +0 great sword!
Elyvilon protects you from harm!
The spectral orc knight hits you with a +2 great mace!
You die...

............ ..........#
.........# .##..#...#
......#..# ###
......P..#####..
................
..........P#.P..##
..............#.@##
......P...P...#ZZo## .(
.................#.###.(..
..............#...........
......#............#.#
..+#.P....#+......####
...................#
..................####
...................P.#


You could see Nergalle and 2 spectral orc knights.

Vanquished Creatures
  A boulder beetle (D:9)
  2 hydras
  A two-headed ogre (D:11)
  2 tengu warriors (D:11)
  A deep elf pyromancer (D:9)
  2 cyclopes
  2 manticores
  3 black mambas
  An unseen horror (D:11)
  Maggie (D:6)
  3 cane toads (Lair:2)
  2 komodo dragons
  A troll (D:9)
  A polar bear (Lair:2)
  A hornet (D:10)
  A queen bee (D:11)
  4 blink frogs (Lair:1)
  A vampire (D:11)
  2 shadows (D:11)
  A wraith (D:8)
  A wyvern (Lair:2)
  17 yaks
  A steam dragon (D:8)
  6 vampire mosquitoes
  An acid dragon (D:9)
  2 wargs (D:11)
  5 water moccasins
  A water moccasin (shapeshifter) (D:9)
  9 orc warriors
  A sky beast (D:7)
  A black bear (D:8)
  An ice beast (D:7)
  A necrophage (D:5)
  2 ogres
  4 centaurs
  9 bullfrogs
  3 kobold brigands
  2 gnoll sergeants
  3 scorpions
  11 wights
  24 killer bees (D:11)
  3 howler monkeys
  A bullfrog zombie (D:6)
  3 centaur zombies
  2 hounds
  10 orc priests
  A jelly (D:3)
  A gnoll shaman (D:7)
  An iguana (D:6)
  3 iron imps (D:6)
  14 orc wizards
  A killer bee zombie (D:7)
  5 adders
  15 gnolls
  2 shadow imps
  2 white imps (D:6)
  An ufetubus (D:5)
  A worm (D:3)
  2 dart slugs
  38 orcs
  5 bats
  11 endoplasms
  A giant cockroach (D:3)
  4 goblins
  7 hobgoblins
  4 quokkas
  8 ball pythons
  3 frilled lizards
  19 kobolds
  A quokka skeleton (D:4)
  3 rats
310 creatures vanquished.

Vanquished Creatures (others)
  18 fungi
  23 plants
  12 toadstools (D:3)
53 creatures vanquished.

Grand Total: 363 creatures vanquished

Notes
Turn   | Place    | Note
-------+----------+-------------------------------------------
     0 | D:1      | axeguard the Human Ice Elementalist began the quest for the
                  | Orb.
     0 | D:1      | Reached XP level 1. HP: 13/13 MP: 3/3
   152 | D:1      | Found Ostucw's Distillery.
   231 | D:1      | Bought a potion of degeneration for 12 gold pieces
   286 | D:1      | Reached XP level 2. HP: 12/19 MP: 3/5
   845 | D:1      | Reached XP level 3. HP: 11/25 MP: 1/6
  1368 | D:1      | Bought a potion of lignification for 36 gold pieces
  1499 | D:2      | Learned a level 3 spell: Frozen Ramparts
  1548 | D:2      | Found a faded altar of an unknown god.
  1603 | D:2      | Reached skill level 1 in Fighting
  1705 | D:2      | Reached XP level 4. HP: 27/32 MP: 1/7
  1807 | D:2      | Learned a level 3 spell: Ozocubu's Armour
  2785 | D:3      | Noticed an ogre
  2793 | D:3      | Killed an ogre
  2794 | D:3      | Reached skill level 3 in Spellcasting
  2794 | D:3      | Reached XP level 5. HP: 29/38 MP: 2/10
  3026 | D:3      | Reached XP level 6. HP: 42/44 MP: 4/11
  3206 | D:3      | Found Fockuin's Antique Weapon Boutique.
  3391 | D:3      | Found a broken altar of Ashenzari.
  3682 | D:4      | Found a shimmering altar of Xom.
  3884 | D:4      | Identified the +1 ring mail of Efoucku {+Blink rElec rN+
                  | Dex+4}
  4083 | D:4      | Reached skill level 1 in Conjurations
  4090 | D:4      | Reached skill level 4 in Spellcasting
  4090 | D:4      | Reached XP level 7. HP: 38/51 MP: 1/13
  4279 | D:4      | Found a blossoming altar of Fedhas.
  4279 | D:4      | Found a bloodstained altar of Trog.
  4286 | D:4      | Found a broken altar of Ashenzari.
  4288 | D:4      | Found a faded altar of an unknown god.
  4293 | D:4      | Found a faded altar of an unknown god.
  4712 | D:3      | Bought a runed whip for 104 gold pieces
  4764 | D:5      | Entered Level 5 of the Dungeon
  4793 | D:5      | Found a staircase to the Ecumenical Temple.
  4807 | Temple   | Entered the Ecumenical Temple
  4886 | Temple   | Became a worshipper of Elyvilon the Healer
  4966 | D:5      | Reached skill level 1 in Short Blades
  4966 | D:5      | Reached skill level 5 in Ice Magic
  5085 | D:5      | Reached skill level 1 in Maces & Flails
  5200 | D:5      | Reached skill level 1 in Armour
  5518 | D:5      | Reached XP level 8. HP: 38/57 MP: 4/14
  5907 | D:5      | Learned a level 4 spell: Hailstorm
  6061 | D:6      | Reached * piety under Elyvilon
  6220 | D:5      | Learned a level 1 spell: Slow
  6224 | D:5      | Learned a level 3 spell: Confusing Touch
  6571 | D:6      | Found a snail-covered altar of Cheibriados.
  6617 | D:6      | Noticed Maggie
  6625 | D:6      | Reached skill level 5 in Fighting
  6625 | D:6      | Reached skill level 5 in Dodging
  6625 | D:6      | Reached skill level 7 in Spellcasting
  6626 | D:6      | Reached XP level 9. HP: 68/68 MP: 15/19
  6674 | D:6      | Killed Maggie
  7157 | D:6      | Found a burning altar of Makhleb.
  7421 | D:6      | Identified the +0 ring mail of Ignis's Regard {Int+2
                  | Slay+6}
  7439 | D:6      | Learned a level 5 spell: Iskenderun's Battlesphere
  7469 | D:6      | Reached skill level 1 in Polearms
  7955 | D:7      | Reached XP level 10. HP: 64/74 MP: 18/20
  8080 | D:7      | Reached ** piety under Elyvilon
  8165 | D:7      | Found a radiant altar of Vehumet.
  8710 | D:8      | Reached skill level 1 in Throwing
  8739 | D:8      | Reached skill level 1 in Earth Magic
  8894 | D:1      | Bought a potion of mutation for 96 gold pieces
  8894 | D:1      | Bought a potion of cancellation for 96 gold pieces
  8894 | D:1      | Gained mutation: Your flesh is heat resistant. (rF+)
                  | [potion of mutation]
  8894 | D:1      | Gained mutation: You have a pair of small horns on your
                  | head. [potion of mutation]
  9179 | D:8      | Reached skill level 5 in Stealth
 10562 | D:9      | Reached skill level 1 in Invocations
 10658 | D:9      | Found Kiynumo's Antique Armour Boutique.
 10698 | D:9      | Noticed a four-headed hydra
 10700 | D:9      | Noticed a deep elf pyromancer
 10726 | D:8      | Killed a four-headed hydra
 10969 | D:8      | Reached XP level 11. HP: 47/81 MP: 16/22
 11125 | D:9      | Killed a deep elf pyromancer
 11126 | D:9      | Reached skill level 1 in Evocations
 11142 | D:9      | Noticed a manticore
 11152 | D:9      | Killed a manticore
 11558 | D:9      | Found a blossoming altar of Fedhas.
 11558 | D:9      | Noticed a cyclops
 11559 | D:9      | Reached *** piety under Elyvilon
 11559 | D:9      | Found a glowing golden altar of the Shining One.
 11572 | D:9      | Killed a cyclops
 11630 | D:9      | Found a hazy altar of Hepliaklqana.
 11630 | D:9      | Found a shadowy altar of Dithmenos.
 11760 | D:9      | Noticed a boulder beetle
 11774 | D:9      | Killed a boulder beetle
 11775 | D:9      | Reached skill level 1 in Staves
 12188 | D:9      | Found a glowing silver altar of Zin.
 12272 | D:9      | Found a shimmering altar of Xom.
 12272 | D:9      | Found a stormy altar of Qazlal.
 12272 | D:9      | Found a hazy altar of Hepliaklqana.
 12641 | D:9      | Reached skill level 8 in Spellcasting
 12649 | D:9      | Found a staircase to the Orcish Mines.
 12770 | D:9      | Found a shadowy altar of Dithmenos.
 13359 | D:9      | Found an ornate altar of the Wu Jian Council.
 13410 | D:10     | Entered Level 10 of the Dungeon
 13759 | D:10     | Reached skill level 5 in Armour
 13991 | D:10     | Found an ancient bone altar of Kikubaaqudgha.
 13995 | D:10     | Found a stormy altar of Qazlal.
 14358 | D:10     | Learned a level 2 spell: Blink
 14367 | D:11     | Found a staircase to the Lair.
 14368 | D:11     | Noticed a tengu warrior
 14392 | D:11     | Killed a tengu warrior
 14393 | D:11     | Reached XP level 12. HP: 54/91 MP: 6/24
 14580 | D:11     | Reached skill level 1 in Transmutations
 14602 | D:11     | Noticed a tengu warrior
 14628 | D:11     | Killed a tengu warrior
 14629 | D:11     | Reached skill level 1 in Translocations
 15297 | D:11     | Noticed a two-headed ogre
 15389 | D:11     | Killed a two-headed ogre
 15390 | D:11     | Reached skill level 5 in Hexes
 15583 | D:11     | Reached skill level 9 in Spellcasting
 15847 | D:11     | Reached **** piety under Elyvilon
 16342 | Lair:1   | Entered Level 1 of the Lair of Beasts
 16842 | Lair:1   | Noticed a four-headed hydra
 16860 | Lair:1   | Killed a four-headed hydra
 16861 | Lair:1   | Reached XP level 13. HP: 74/98 MP: 17/26
 18051 | Lair:2   | Learned a level 5 spell: Irradiate
 18209 | Lair:2   | Noticed Nergalle
 18227 | Lair:2   | HP: 6/121 [Nergalle/bolt of negative energy (20)]
 18228 | Lair:2   | Elyvilon protects you from harm!
 18228 | Lair:2   | Slain by a spectral orc knight

Illustrated notes

Levels and vault maps discovered:
D:1:      lemuel_arrival_hallway, layout_loops_cross, serial_shops,
          nicolae_diamond_shop, minmay_misc_feat_ornament, serial_bayou_ford_a,
          kennysheep_small_spiral
D:2:      layout_loops_ring, ebering_ecumenical_altar_ruins,
          chequers_hall_statues_corner_a, st_stairs_5
D:3:      cheibrodos_fertilizer, layout_loops_ring, serial_shops, shop,
          kennysheep_flooded_box
D:4:      layout_loops_ring, mainiacjoe_overflow_small_starburst,
          chequers_temple_overflow_minitemple,
          eino_small_chamber_without_monster
D:5:      layout_gridville, minmay_temple_entry_sparse_star, fountainhead
D:6:      layout_basic, mainiacjoe_overflow_boulevard, demons_altar, uniq_maggie
D:7:      layout_gridville, vehumet_crystals
D:8:      layout_cave_pools
D:9:      minmay_the_grid_octo_triangle [minmay_the_grid_octo_vomiting_pacman,
          minmay_the_grid_octo_prize_square_snowflake,
          minmay_the_grid_octo_shrine], layout_basic,
          nicolae_wu_jian_glorious_leap, mainiacjoe_overflow_alcove_4,
          kennysheep_mini_moat, david_orc_4, serial_shops, shop
D:10:     layout_basic, grunt_temple_overflow_open
D:11:     layout_roguey [special_room_bee], erik_lair_orcish_takeover,
          nicolae_zen_rock_garden
Temple:   compressed_dpeg_circular_temple
Lair:1:   layout_cave_pods
Lair:2:   layout_chaotic_city, spider_nest_entry_funnel_web, uniq_nergalle

Skill      XL: |  1  2  3  4  5  6  7  8  9 10 11 12 13 |
---------------+----------------------------------------+-----
Fighting       | 1 2 3 5 6 7 8 |  8.4
Spellcasting   | 3 4 7 8 9 |  9.7
Dodging        | 3 5 6 |  6.0
Conjurations   | 1 6 |  6.0
Short Blades   | 1 3 |  3.2
Ice Magic      | 5 6 7 8 |  8.8
Maces & Flails | 1 2 3 |  3.4
Armour         | 1 4 5 6 |  6.5
Stealth        | 4 5 |  5.2
Hexes          | 3 4 5 |  5.4
Polearms       | 1 2 4 |  4.1
Throwing       | 2 |  2.0
Earth Magic    | 2 3 |  3.1
Invocations    | 1 |  1.0
Evocations     | 1 |  1.2
Staves         | 1 |  1.0
Transmutations | 1 2 |  2.1
Translocations | 3 |  3.0
Long Blades    | |  0.1
Shields        | |  0.2

Action                   |  1- 3 |  4- 6 |  7- 9 | 10-12 | 13-15 || total
-------------------------+-------+-------+-------+-------+-------++-------
Melee: Short sword       |    17 |       |       |       |       ||    17
       Unarmed           |     2 |       |       |       |       ||     2
       Punch             |     1 |     2 |     3 |     4 |       ||    10
       Dagger            |    10 |   101 |     2 |    13 |       ||   126
       Whip              |       |       |   109 |   323 |    58 ||   490
       Glaive            |       |       |     2 |     1 |       ||     3
       Headbutt          |       |       |       |    89 |    17 ||   106
       Halberd           |       |       |       |     2 |       ||     2
       Staff             |       |       |       |    12 |     8 ||    20
Throw: Stone             |     1 |    11 |     3 |     5 |       ||    20
       Dart              |       |     3 |     6 |    24 |     7 ||    40
       Boomerang         |       |     2 |     2 |     9 |     2 ||    15
 Cast: Freeze            |    30 |    20 |    16 |    19 |    10 ||    95
       Frozen Ramparts   |     3 |    18 |    27 |    78 |     8 ||   134
       Ozocubu's Armour  |       |    12 |    17 |    56 |     4 ||    89
       Slow              |       |       |     6 |    25 |     3 ||    34
       Hailstorm         |       |       |     1 |    31 |     4 ||    36
       Confusing Touch   |       |       |     1 |     6 |     1 ||     8
       Iskenderun's Batt |       |       |       |    10 |     1 ||    11
       Blink             |       |       |       |     3 |     2 ||     5
Invok: Purification      |       |       |     1 |     4 |       ||     5
       Heal Other        |       |       |       |     2 |     1 ||     3
       Heal Self         |       |       |       |     3 |     5 ||     8
Evoke: Wand              |       |       |     1 |    11 |     5 ||    17
  Use: Scroll            |       |       |     6 |     7 |     7 ||    20
       Potion            |       |       |     1 |     8 |     4 ||    13
 Stab: Sleeping          |     4 |     3 |     3 |     2 |     2 ||    14
       Confused          |       |       |     1 |       |       ||     1
       Distracted        |       |       |       |     1 |       ||     1
Armor: Robe              |     8 |    15 |       |       |       ||    23
       Leather armour    |       |    17 |    29 |       |       ||    46
       Ring mail         |       |       |    22 |    62 |       ||    84
       Troll leather arm |       |       |       |    82 |    28 ||   110
Dodge: Dodged            |    37 |    70 |   102 |   293 |    71 ||   573
Block: Buckler           |       |       |       |    21 |    18 ||    39
